 Dungeon Crawl Stone Soup version 0.28.0 (webtiles) character file.

Game seed: 4489615812482244708

179 horus123 the Skirmisher (level 5, -6/37 HPs)
             Began as an Octopode Cinder Acolyte on Feb 6, 2022.
             Was a High Priest of Ignis.
             Mangled by an iguana (9 damage)
             ... on level 4 of the Dungeon.
             The game lasted 00:04:43 (3704 turns).

horus123 the Skirmisher (Octopode Cinder Acolyte)   Turns: 3704, Time: 00:04:44

Health: -6/37      AC:  1    Str: 14    XL:     5   Next: 59%
Magic:  3/9        EV: 12    Int: 18    God:    Ignis [*****.]
Gold:   144        SH:  0    Dex:  7    Spells: 8/10 levels left

rFire   + . .      SeeInvis .   a - -1 mace (flame)
rCold   . . .      Faith    .   (no shield)
rNeg    . . .      Spirit   .   (helmet restricted)
rPois   .          Reflect  .   (no amulet)
rElec   .          Harm     .   (no ring)
rCorr   .          Rampage  .   (no ring)
Will    .....                   (no ring)
Stlth   ++........              (no ring)
HPRegen 0.12/turn               (no ring)
MPRegen 0.11/turn               (no ring)
                                (no ring)
                                (no ring)

@: no status effects
A: almost no armour, amphibious, 8 rings, camouflage 1, gelatinous body 1,
(nimble swimmer 1), tentacles
a: Renounce Religion, Fiery Armour, Foxfire Swarm, Rising Flame


You were on level 4 of the Dungeon.
You worshipped Ignis.
Ignis was extremely pleased with you.
You visited 1 branch of the dungeon, and saw 4 of its levels.

You collected 144 gold pieces.

Inventory:

Hand Weapons
 a - a -1 mace of flaming (weapon)
Scrolls
 d - a scroll of teleportation
 e - a scroll of holy word
 g - a scroll of immolation {unknown}
 h - 2 scrolls of enchant armour {unknown}
 j - a scroll of identify
Potions
 b - a potion of cancellation {unknown}
 c - 2 potions of lignification
 f - a potion of might {unknown}
 i - a potion of flight {unknown}


   Skills:
 - Level 4.3 Fighting
 - Level 3.0 Maces & Flails
 - Level 3.0 Spellcasting
 + Level 4.0 Fire Magic


You had 8 spell levels left.
You knew the following spells:

 Your Spells              Type           Power      Damage    Failure   Level
a - Scorch                Fire           34%        2d7       4%          2

Your spell library contained the following spells:

 Spells                   Type           Power      Damage    Failure   Level
 Summon Guardian Golem    Hex/Summ       2%         N/A       43%         3
 Orb of Destruction       Conj           1%         9d5       100%        7
 Spellforged Servitor     Conj/Summ      1%         N/A       100%        7


Dungeon Overview and Level Annotations

Branches:
Dungeon (4/15)
 Temple: D:4-7

Altars:
Kikubaaqudgha
Vehumet

Shops:
D:3 *


Innate Abilities, Weirdness & Mutations

You cannot wear most types of armour.
You are amphibious.
You can wear up to eight rings at the same time.
Your skin changes colour to match your surroundings (Stealth+).
Your rubbery body absorbs attacks. (AC +1, EV +1)
((You are camouflaged when in or above water. (Stealth+)))
You have tentacles for arms and can constrict up to eight enemies at once.


Message History

Flames lash the water moccasin skeleton.
The water moccasin skeleton is burned terribly!
You destroy the water moccasin skeleton!
Your Fire Magic skill increases to level 4!
Magic restored.
HP restored.
You now have 144 gold pieces (gained 12).
An iguana comes into view.
Found a stone staircase leading up.
You can't see any susceptible monsters within range! (Use Z to cast anyway.)
The iguana hisses angrily.
Flames lash the iguana.
The iguana is heavily wounded.
The iguana's fire resistance burns away.
An ogre comes into view. It is wielding a +0 giant spiked club.
Flames lash the iguana.
The iguana is severely wounded.
The iguana bites you!
You miscast Scorch.
You are very lightly contaminated with residual magic.
Nothing appears to happen.
The iguana barely misses you.
You barely miss the iguana. Your grab misses the iguana.
The iguana is severely wounded.
The iguana bites you.
You hit the iguana but do no damage. Your grab misses the iguana.
The iguana is severely wounded.
The iguana bites you!
* * * LOW HITPOINT WARNING * * *
The iguana is no longer more vulnerable to fire.
The iguana bites you!
* * * LOW HITPOINT WARNING * * *
Your magical contamination has completely faded away.
Okay, then.
Casting: Scorch (safe; 4% risk of failure)
Press: ? - help, Q - select action Dir - look around, f - activate Flames lash the ogre.
The ogre is lightly wounded.
The ogre's fire resistance burns away.
The iguana bites you!
You die...

#.# #.# #.# #. #.# #.#
#. #.######### #.###.#
#. #....<..... ......#
#. #..######## ..#####
#. #O.# (....# #. #..#
####.# #.#######..# #
#.# #.@l.O.....#
####.### #########.##
##.....# #.#
##.....##### ########.#
...........#
##......#.#
##..........
.....##.#.# #^.....##.#
#.#.##.#.# ###.##.##.#
##......#.#
##.##.##.####.......#.#


You could see an ogre (combustible) and an iguana.

Vanquished Creatures
  A water moccasin skeleton (D:4)
  A centaur skeleton (D:3)
  Natasha (D:3)
  A worm (D:2)
  3 dart slugs (D:1)
  3 orcs (D:3)
  A bat (D:3)
  5 endoplasms (D:1)
  3 giant cockroaches
  6 goblins
  9 hobgoblins
  5 jackals
  7 kobolds
  A quokka (D:1)
  5 ball pythons
  A frilled lizard (D:1)
  6 rats
59 creatures vanquished.

Notes
Turn   | Place    | Note
-------+----------+-------------------------------------------
     0 | D:1      | horus123 the Octopode Cinder Acolyte began the quest for
                  | the Orb.
     0 | D:1      | Reached XP level 1. HP: 16/16 MP: 2/2
   172 | D:1      | Reached XP level 2. HP: 10/21 MP: 5/5
   332 | D:1      | Learned a level 2 spell: Scorch
   957 | D:1      | Reached XP level 3. HP: 26/26 MP: 1/7
  1491 | D:1      | Found a faded altar of an unknown god.
  2073 | D:2      | Reached XP level 4. HP: 31/31 MP: 1/8
  2203 | D:2      | Found a radiant altar of Vehumet.
  3177 | D:3      | Found an ancient bone altar of Kikubaaqudgha.
  3183 | D:3      | Noticed Natasha
  3185 | D:3      | Killed Natasha
  3186 | D:3      | Reached XP level 5. HP: 37/37 MP: 4/9
  3420 | D:3      | Found Jiphoek's Assorted Antiques.
  3687 | D:4      | Noticed an ogre
  3704 | D:4      | Mangled by an iguana

Illustrated notes

Levels and vault maps discovered:
D:1:      scummos_arrival_checkerplants, layout_basic, serial_aquarium,
          aquarium_bridge_square [aquarium_subvault_bridge,
          aquarium_subvault_bridge, aquarium_subvault_wall,
          aquarium_subvault_bridge], aquarium_bridge_square
          [aquarium_subvault_balcony, aquarium_subvault_wall,
          aquarium_subvault_wall, aquarium_subvault_bridge], aquarium_window_2,
          aquarium_window_1, aquarium_window_double, aquarium_window_corner,
          aquarium_view_2c, aquarium_pool_S,
          hellmonk_ecumenical_altar_inner_sanctum, minmay_hexomino_f4
D:2:      layout_rooms, basic_altar
D:3:      layout_basic, mainiacjoe_overflow_24_doors, serial_shops, shop,
          kennysheep_crisscross, uniq_natasha
D:4:      layout_loops_ring, kennysheep_mini, minmay_temple_entry_from_below_a,
          uniq_crazy_yiuf_cottage

Skill      XL: |  1  2  3  4  5 |
---------------+----------------+-----
Spellcasting   | 2 3 |  3.0
Fighting       | 4 |  4.3
Fire Magic     | 4 |  4.0
Maces & Flails | |  3.0

Action                   |  1- 3 |  4- 6 || total
-------------------------+-------+-------++-------
Melee: Mace              |    31 |     8 ||    39
       Constrict         |     8 |     3 ||    11
       Tentacles         |     5 |     1 ||     6
 Cast: Scorch            |    35 |    24 ||    59
  Use: Scroll            |     3 |     3 ||     6
 Stab: Sleeping          |     1 |       ||     1
Armor: Skin              |     1 |     4 ||     5
Dodge: Dodged            |    44 |     9 ||    53
